 Dungeon Crawl Stone Soup version 0.18-a0-946-g3ac5b32 (webtiles) character file.

11326 Morbidden the Transmogrifier (level 11, -4/110 HPs)
             Began as a White Draconian Transmuter on Dec 29, 2015.
             Was an Initiate of Gozag.
             Slain by a polar bear (11 damage)
             ... on level 3 of the Lair of Beasts.
             The game lasted 00:51:21 (11890 turns).

Morbidden the Transmogrifier (DrTm)                Turns: 11890, Time: 00:51:21

Health: -4/110     AC:  6    Str: 14    XL:     11   Next: 47%
Magic:  12/12      EV: 13    Int: 16    God:    Gozag
Gold:   113        SH:  0    Dex: 13    Spells: 4 memorised, 2 levels left

rFire  x . .     SeeInvis +       - Unarmed
rCold  + + +     Gourm    .     (armour unavailable)
rNeg   . . .     Faith    .     (shield currently unavailable)
rPois  +         Spirit   .     (helmet currently unavailable)
rElec  .         Dismiss  .     (cloak currently unavailable)
rCorr  .         Reflect  +     (gloves currently unavailable)
SustAt .         Harm     .     (boots currently unavailable)
MR     +....                    E - +6 amulet of reflection
Stlth  +.........               G - ring of see invisible
                                F - ring of protection from magic

@: confused, ice-form, drained, somewhat resistant to hostile enchantments, very
unstealthy
A: (breathe frost), unfitting armour, (horns 0), (cold resistance 0), low mp 1,
strong 1, (cold-blooded), AC +7
a: End Transformation, Potion Petition, Call Merchant, Bribe Branch, Renounce
Religion


You were on level 3 of the Lair of Beasts.
You worshipped Gozag.
Gozag was noncommittal.
You were not hungry.
You were a creature of crystalline ice.
You visited 3 branches of the dungeon, and saw 14 of its levels.
You also visited: Ossuary.

You collected 2425 gold pieces.
You spent 600 gold pieces at shops.
You paid 1712 gold pieces to Gozag.

Inventory:

Missiles
 a - 29 arrows
 m - 6 silver javelins (quivered)
 D - 4 javelins
Armour
 j - a +2 shield
 k - a +1 pair of boots (melded)
 y - a +2 cloak of invisibility (melded)
Jewellery
 E - a +6 amulet of reflection (around neck)
 F - a ring of protection from magic (left front paw)
 G - a ring of see invisible (right front paw)
Wands
 s - a wand of confusion (16/48)
 H - a wand of fire (7/15)
Scrolls
 d - 6 scrolls of teleportation
 f - 4 scrolls of amnesia
 l - 3 scrolls of random uselessness
 p - a scroll of fog
 r - 11 scrolls of remove curse
 B - 4 scrolls of enchant armour
 C - a scroll of vulnerability {unknown}
 J - a scroll of noise {unknown}
Potions
 g - 4 potions of brilliance
 h - a potion of resistance {unknown}
 i - 10 potions of curing
 n - a potion of ambrosia
 o - 3 potions of haste
 q - a potion of might
 v - a potion of flight
 w - a potion of degeneration {unknown}
 x - 3 potions of cure mutation
 z - 2 potions of agility
 A - 2 potions of berserk rage {unknown}
Books
 b - a book of Changes

   Spells                             Type                      Level
   a - Beastly Appendage              Transmutation                1
   b - Sticks to Snakes               Transmutation                2
   c - Spider Form                    Transmutation/Poison         3
   d - Ice Form                       Ice/Transmutation            4
   e - Blade Hands                    Transmutation                5
 u - a book of Death

   Spells                             Type                      Level
   a - Corpse Rot                     Necromancy                   2
   b - Sublimation of Blood           Necromancy                   2
   c - Agony                          Necromancy                   5
   d - Dispel Undead                  Necromancy                   5
   e - Excruciating Wounds            Charms/Necromancy            5
   f - Bolt of Draining               Conjuration/Necromancy       5
 K - a book of the Tempests

   Spells                             Type                      Level
   a - Static Discharge               Conjuration/Air              3
   b - Lightning Bolt                 Conjuration/Air              5
   c - Fireball                       Conjuration/Fire             5
   d - Tornado                        Air                          9
   e - Shatter                        Earth                        9
Comestibles
 c - 10 bread rations


   Skills:
 + Level 7.0(6.1) Fighting
 + Level 7.3(6.4) Dodging
 + Level 9.3(8.3) Unarmed Combat
 - Level 2.0(1.2) Spellcasting
 + Level 11.0(10.0) Transmutations
 + Level 7.9(7.0) Ice Magic


You had 2 spell levels left.
You knew the following spells:

 Your Spells              Type           Power        Failure   Level  Hunger
a - Beastly Appendage     Trmt           ####..       1%          1    ##.....
b - Sticks to Snakes      Trmt           ####....     1%          2    ###....
c - Ice Form              Ice/Trmt       ####....     10%         4    #####..
d - Blade Hands           Trmt           ####......   12%         5    ######.


Dungeon Overview and Level Annotations

Branches:
Dungeon (10/15)            Temple (1/1) D:4            Lair (3/8) D:9
  Swamp: Lair:3-6    Shoals: Lair:3-6     Snake: Lair:3-6    Spider: Lair:3-6
    Orc: D:9-12

Altars:
Cheibriados
Dithmenos
Gozag
Kikubaaqudgha
Makhleb
Okawaru
Pakellas
Qazlal
Ru
Sif Muna
Vehumet
Xom
Zin

Shops:
D:8 !   Lair:1 =


Innate Abilities, Weirdness & Mutations

((You can breathe waves of freezing cold.))
((You can buffet flying creatures when you breathe cold.))
((Your icy white scales are hard (AC +7).))
Your body does not fit into most forms of armour.
((Your flesh is cold resistant.))
((You are cold-blooded and may be slowed by cold attacks.))
((You have a pair of small horns on your head.))
Your magical capacity is low (-10% MP).
Your muscles are strong. (Str +2)


Message History

Purchase which effect?
You no longer have enough gold to petition Gozag for potion effects.
You feel better. Magic courses through your body. The blink frog misses you.
You block the polar bear's attack. The polar bear claws you.
* * * LOW HITPOINT WARNING * * *
The polar bear barely misses you.
The blink frog hits you but does no damage.
Drink which item? (? for menu, Esc to quit)
You are confused.
You feel invigorated. The blink frog barely misses you.
The polar bear bites you.
* * * LOW HITPOINT WARNING * * *
The polar bear closely misses you. The polar bear barely misses you.
The blink frog hits you!
* * * LOW HITPOINT WARNING * * *
The blink frog blinks!
The blink frog hits you!
* * * LOW HITPOINT WARNING * * *
The polar bear bites you!
You die...
Your body crumbles into a pile of gold.

#### #####..####
#..#...##.## #..........#
##.........## #...........#
##..........### #
##.....F.....# #
#......hY....### #
#......ยง..F..#.#### #
###..............##.#### #
##P#..#.........#....#..####
#...###.........##PP.....#..
##..# #..........#####.#....
###...# ##........## ####...
####.....## ##.......# ####
..........# #.......# #.


You could see a polar bear (berserk) and 2 blink frogs.

Vanquished Creatures
  2 black mambas
  3 spiny frogs
  2 trolls
  2 blink frogs
  3 hippogriffs
  11 yaks
  Eustachio (D:5)
  A hungry ghost (D:7)
  4 water moccasins
  2 orc warriors
  4 porcupines
  A black bear (D:7)
  3 sky beasts
  An ice beast (D:9)
  2 necrophages (D:9)
  3 ogres
  3 phantoms
  2 centaurs
  12 big kobolds
  4 crocodiles
  A wyvern zombie (D:9)
  7 giant frogs
  5 scorpions
  16 killer bees
  2 crimson imps
  2 giant frog zombies
  A jelly (D:4)
  A centaur zombie (D:8)
  2 centaur skeletons (D:4)
  7 hounds
  6 orc priests
  2 giant frog skeletons
  3 iguanas
  7 orc wizards
  5 worker ants
  7 sheep (Lair:2)
  A hound skeleton (D:6)
  9 mummies
  Robin (D:2)
  10 adders
  3 gnolls (D:7)
  6 river rats (Lair:2)
  A worm (D:5)
  6 giant geckos
  24 orcs
  5 bats (D:1)
  3 giant cockroaches
  A gnoll zombie (Ossuary)
  12 hobgoblins
  6 jackals
  A ball python (D:1)
  A giant gecko skeleton (D:5)
  2 giant newts
  12 goblins
  6 hobgoblin zombies
  26 kobolds
  3 kobold zombies (Ossuary)
  4 quokkas
  A quokka zombie (D:6)
  6 rats
290 creatures vanquished.

Vanquished Creatures (collateral kills)
  A komodo dragon (Lair:3)
  Edmund (D:5)
  An orc warrior (D:7)
  An ogre (D:7)
  A jelly (D:7)
  2 orc wizards
  Terence (D:3)
  A worker ant zombie (D:7)
  An orc (D:9)
10 creatures vanquished.

Vanquished Creatures (others)
  4 fungi
4 creatures vanquished.

Grand Total: 304 creatures vanquished

Notes
Turn   | Place    | Note
--------------------------------------------------------------
     0 | D:1      | Morbidden the Draconian Transmuter began the quest for the Orb.
     0 | D:1      | Reached XP level 1. HP: 16/16 MP: 3/3
   362 | D:1      | Reached XP level 2. HP: 15/23 MP: 3/5
   965 | D:2      | Noticed Robin
   993 | D:2      | Reached XP level 3. HP: 26/28 MP: 6/6
  1128 | D:2      | Reached skill level 4 in Unarmed Combat
  1435 | D:2      | Reached XP level 4. HP: 35/35 MP: 5/7
  1440 | D:2      | Learned a level 2 spell: Sticks to Snakes
  1587 | D:2      | Found a snail-covered altar of Cheibriados.
  1647 | D:2      | Killed Robin
  1856 | D:3      | Found a burning altar of Makhleb.
  1859 | D:3      | Found a glowing silver altar of Zin.
  1859 | D:3      | Noticed a balrug
  1859 | D:3      | Noticed an angel
  1915 | D:3      | Noticed Terence
  2022 | D:3      | Killed Terence
  2022 | D:3      | Reached XP level 5. HP: 40/40 MP: 1/8
  2066 | D:3      | Found an opulent altar of Gozag.
  2112 | D:3      | Became a worshipper of Gozag Ym Sagoz the Greedy
  2146 | D:3      | Found a radiant altar of Vehumet.
  2222 | D:3      | Found a shimmering altar of Xom.
  2222 | D:3      | Found an ancient bone altar of Kikubaaqudgha.
  2804 | D:4      | Found a staircase to the Ecumenical Temple.
  2935 | Temple   | Entered the Ecumenical Temple
  3024 | D:4      | Found an oddly glowing altar of Pakellas.
  3133 | D:4      | Reached skill level 5 in Transmutations
  3133 | D:4      | Reached XP level 6. HP: 44/47 MP: 7/9
  3210 | D:5      | Entered Level 5 of the Dungeon
  3375 | D:4      | Reached skill level 6 in Transmutations
  3484 | D:5      | Noticed Edmund
  3569 | D:5      | Your scales start taking on an icy white colour.
  3569 | D:5      | Gained mutation: Your flesh is cold resistant. [White Draconian growth]
  3569 | D:5      | Reached XP level 7. HP: 34/52 MP: 10/10
  3728 | D:5      | Killed Edmund
  3728 | D:5      | Reached skill level 7 in Transmutations
  3737 | D:5      | Learned a level 4 spell: Ice Form
  3951 | D:5      | Noticed Eustachio
  3962 | D:5      | Killed Eustachio
  3962 | D:5      | Reached skill level 5 in Unarmed Combat
  3962 | D:5      | Reached skill level 1 in Ice Magic
  4670 | D:6      | Reached XP level 8. HP: 61/61 MP: 11/11
  4713 | D:6      | Reached skill level 8 in Transmutations
  5032 | D:6      | Found a stormy altar of Qazlal.
  5137 | D:6      | Found an iron altar of Okawaru.
  5726 | D:7      | Found a shadowy altar of Dithmenos.
  5772 | D:7      | Reached XP level 9. HP: 43/69 MP: 1/12
  5796 | D:7      | Reached skill level 9 in Transmutations
  6044 | D:7      | Reached skill level 5 in Ice Magic
  6392 | D:7      | Identified a +1 rod of clouds (13/13) (You found it on level 7 of the Dungeon)
  6421 | D:7      | Found a sacrificial altar of Ru.
  6646 | D:7      | Learned a level 5 spell: Blade Hands
  6675 | D:7      | Found a deep blue altar of Sif Muna.
  7182 | D:8      | Found a sand-covered staircase.
  7190 | Ossuary  | Entered an ossuary
  7383 | Ossuary  | Identified a scroll of acquirement
  7659 | D:8      | Reached skill level 5 in Fighting
  7677 | D:8      | Reached XP level 10. HP: 68/81 MP: 11/13
  7769 | D:8      | Bought a potion of mutation for 40 gold pieces
  7769 | D:8      | Bought a potion of cure mutation for 560 gold pieces
  7770 | D:8      | Gained mutation: Your muscles are strong. (Str +2) [potion of mutation]
  7770 | D:8      | Gained mutation: Your magical capacity is low (-10% MP). [potion of mutation]
  7770 | D:8      | Gained mutation: You have a pair of small horns on your head. [potion of mutation]
  7931 | D:8      | Reached skill level 5 in Dodging
  8608 | D:9      | Reached skill level 10 in Transmutations
  8617 | D:9      | Found a staircase to the Lair.
  8832 | D:10     | Entered Level 10 of the Dungeon
  8891 | D:10     | Noticed a hill giant
  8961 | Lair:1   | Entered Level 1 of the Lair of Beasts
  9461 | Lair:1   | Reached XP level 11. HP: 89/89 MP: 7/12
 11388 | Lair:3   | Reached skill level 11 in Transmutations
 11890 | Lair:3   | Slain by a polar bear

Vault maps used:
D:1:      dpeg_arrival_rhombi
D:2:      old_standard_altar, first_bread, uniq_robin
D:3:      grunt_temple_overflow_order_and_chaos_2,
          nicolae_overflow_hidden_temple, grunt_gozag_breadcrumbs,
          old_standard_altar, gammafunk_temple_overflow_wave, uniq_terence
D:4:      minmay_temple_entry_hall, johnstein_pakellas_dig
D:5:      uniq_eustachio, uniq_edmund
D:6:      grunt_qazlal_sundering, marbit_many_paths
D:7:      kennysheep_mini, led_sif_pool, kennysheep_mini_moat
D:8:      special_room, nicolae_ossuary_entry_giza
D:9:      dpeg_oklobed_lair
D:10:     hiddenorc2_lemuel, hangedman_fish_farm
Temple:   corrupted_temple
Lair:3:   lemuel_fruit_tree, uniq_prince_ribbit2
Ossuary:  ossuary_tomb_3

Action                   |  1- 3 |  4- 6 |  7- 9 | 10-12 || total
-------------------------+-------+-------+-------+-------++-------
Melee: Unarmed           |   157 |   218 |   339 |   297 ||  1011
       Rod               |       |       |     2 |     3 ||     5
Throw: Javelin           |       |       |     4 |     7 ||    11
 Cast: Beastly Appendage |    17 |    23 |    15 |       ||    55
       Sticks to Snakes  |       |     3 |    22 |    15 ||    40
       Ice Form          |       |       |    14 |    24 ||    38
       Blade Hands       |       |       |     3 |     6 ||     9
Invok: Potion Petition   |       |       |     1 |     1 ||     2
       Call Merchant     |       |       |       |     2 ||     2
 Abil: Breathe Frost     |       |       |    15 |     6 ||    21
Evoke: Rod               |       |       |    10 |     1 ||    11
  Use: Potion            |     1 |     2 |     2 |     6 ||    11
       Scroll            |       |       |    15 |     1 ||    16
 Stab: Invisible         |       |     2 |       |       ||     2
       Distracted        |       |     1 |     3 |     2 ||     6
       Sleeping          |       |       |     1 |     2 ||     3
  Eat: Chunk             |     2 |     4 |       |       ||     6
       Meat ration       |       |     1 |     3 |     4 ||     8
       Beef jerky        |       |     1 |     1 |       ||     2
       Fruit             |       |       |     8 |     3 ||    11
       Pizza             |       |       |     2 |       ||     2
       Royal jelly       |       |       |     1 |     1 ||     2
